 Dungeon Crawl Stone Soup version 0.23-a0-642-g3120c2f (webtiles) character file.

139884 Amnesiac the Warrior (level 16, -8/102 HPs)
             Began as a Spriggan Berserker on Dec 30, 2018.
             Was a High Priest of Trog.
             Mangled by a frost giant
             ... wielding a +1 battleaxe of freezing
              (24 damage)
             ... on level 1 of the Depths.
             The game lasted 00:57:44 (27913 turns).

Amnesiac the Warrior (Spriggan Berserker)          Turns: 27913, Time: 00:57:44

Health: -8/102     AC: 15    Str: 16    XL:     16   Next: 74%
Magic:  0/24       EV: 23    Int: 11    God:    Trog [*****.]
Gold:   2225       SH:  9    Dex: 19    Spells: 15/15 levels left

rFire    + + +     SeeInvis +   a - +3 dagger (elec)
rCold    . . .     Gourm    .   E - +0 buckler
rNeg     + + +     Faith    .   Y - +0 fire dragon scales
rPois    .         Spirit   +   y - +2 hat of Midsummer {-Cast +Inv rN+++ SInv}
rElec    .         Reflect  .   O - +2 cloak {rF+}
rCorr    +         Harm     .   (gloves unavailable)
MR       ++...     NoCast   +   (boots unavailable)
Stlth    +++.......             s - amulet of guardian spirit
HPRegen  0.27/turn              T - ring of protection from cold
MPRegen  0.19/turn              F - ring of resist corrosion

@: very quick
A: very small, unfitting armour, thin metallic scales 1, see invisible, agile 1,
clever 1, herbivore, speed 3, slow metabolism 2, weak 1
a: Berserk, Trog's Hand, Brothers in Arms, Renounce Religion, Evoke Invisibility


You were on level 1 of the Depths.
You worshipped Trog.
Trog was extremely pleased with you.
You were very full.

You visited 4 branches of the dungeon, and saw 25 of its levels.
You also visited: Ice Cave and Volcano.

You collected 2793 gold pieces.
You spent 568 gold pieces at shops.

Inventory:

Hand Weapons
 a - a +3 dagger of electrocution (weapon)
 b - a +0 blowgun
 w - the +11 short sword of Pandemonium {holy, *Slow rN+ Str+5}
   (You found it on level 12 of the Dungeon)

   It has been blessed by the Shining One to cause great damage to the undead
   and demons.
   It affects your strength (+5).
   It protects you from negative energy.
   It may slow you when you take damage.
Missiles
 e - 2 throwing nets (quivered)
 f - 77 poisoned needles
 l - 26 tomahawks
 R - 6 needles of sleeping
Armour
 y - the +2 hat of Midsummer (worn) {-Cast +Inv rN+++ SInv}
   (You found it in an ice cave)

   It renders you almost immune to negative energy.
   It lets you see invisible.
   It lets you turn invisible.
   It prevents spellcasting.
 B - a +0 troll leather armour {Purgy}
 E - a +0 buckler (worn)
 N - the +5 robe of Misfortune {*Contam Harm *Corrode *Drain *Slow EV+5}
   (You found it on level 12 of the Dungeon)

   It affects your evasion (+5).
   It causes magical contamination when unequipped.
   It may corrode you when you take damage.
   It causes draining when unequipped.
   It may slow you when you take damage.
   It increases damage dealt and taken.
 O - a +2 cloak of fire resistance (worn)
 Y - +0 fire dragon scales (worn)
Jewellery
 s - an amulet of guardian spirit (around neck)
 x - an uncursed ring of protection from fire
 F - a ring of resist corrosion (right hand)
 T - a ring of protection from cold (left hand)
Wands
 d - a wand of flame (19)
 q - a wand of acid (3)
 J - a wand of paralysis (1)
 S - a wand of enslavement (5)
 U - a wand of polymorph (11)
 V - a wand of disintegration (10)
Scrolls
 g - 6 scrolls of teleportation {!r}
 i - 2 scrolls of magic mapping {!r}
 j - 3 scrolls of enchant armour {!r}
 n - 17 scrolls of identify {!r}
 o - 9 scrolls of enchant weapon {!r}
 p - a scroll of blinking {!r}
 C - 2 scrolls of fog {!r}
 K - 2 scrolls of remove curse {!r}
 L - a scroll of holy word {!r}
 M - 3 scrolls of fear {!r}
 W - a scroll of summoning {!r}
Potions
 c - a potion of agility {!q}
 h - a potion of mutation {!q}
 k - a potion of cancellation {!q}
 m - 3 potions of might {!q}
 r - a potion of magic {!q}
 t - 2 potions of resistance {!q}
 v - 8 potions of heal wounds {!q}
 z - 5 potions of flight {!q}
 A - 2 potions of haste {!q}
 D - 5 potions of brilliance {!q}
 H - 8 potions of curing {!q}
 I - 3 potions of lignification {!q}
 P - a potion of berserk rage {!q}
 Q - a potion of ambrosia {!q}
Miscellaneous
 G - a fan of gales
 X - a phial of floods
Comestibles
 u - 6 rations


   Skills:
 - Level 19.5 Fighting
 - Level 10.0 Short Blades
 + Level 1.6 Armour
 - Level 12.0 Dodging
 - Level 10.0 Stealth
 - Level 8.1 Shields
 - Level 10.0 Evocations


You had 15 spell levels left.
You didn't know any spells.
Your spell library contained the following spells:

 Spells                   Type           Power        Failure   Level  Hunger
 Animate Skeleton         Necr           N/A          86%         1    ##.....
 Apportation              Tloc           #.....       86%         1    ##.....
 Beastly Appendage        Tmut           #.....       86%         1    ##.....
 Confusing Touch          Hex            #.....       86%         1    ##.....
 Summon Butterflies       Summ           #.......     86%         1    ##.....
 Summon Small Mammal      Summ           #...         86%         1    ##.....
 Corpse Rot               Necr           N/A          95%         2    ###....
 Sticks to Snakes         Tmut           #.......     95%         2    ###....
 Call Canine Familiar     Summ           #.......     99%         3    ####...
 Recall                   Summ/Tloc      N/A          99%         3    ####...
 Spider Form              Tmut/Pois      #.........   99%         3    ####...
 Stone Arrow              Conj/Erth      #.....       99%         3    ####...
 Animate Dead             Necr           N/A          100%        4    #####..
 Cause Fear               Hex            #.........   100%        4    #####..
 Ice Form                 Ice/Tmut       #.......     100%        4    #####..
 Leda's Liquefaction      Hex/Erth       #.........   100%        4    #####..
 Summon Ice Beast         Ice/Summ       #.......     100%        4    #####..
 Blade Hands              Tmut           #.........   100%        5    ######.
 Borgnjor's Vile Clutch   Necr/Erth      #.........   100%        5    ######.
 Silence                  Hex/Air        #.........   100%        5    ######.
 Summon Forest            Summ/Tloc      #.........   100%        5    ######.
 Summon Mana Viper        Hex/Summ       #.......     100%        5    ######.
 Yara's Violent Unravell  Hex/Tmut       #.........   100%        5    ######.
 Death Channel            Necr           #.........   100%        6    #######
 Deflect Missiles         Chrm/Air       #.........   100%        6    #######
 Hydra Form               Tmut           #.........   100%        6    #######
 Simulacrum               Ice/Necr       #.........   100%        6    #######
 Summon Hydra             Summ           #.........   100%        7    #######
 Discord                  Hex            #.........   100%        8    #######


Dungeon Overview and Level Annotations

Branches:
Dungeon (15/15)            Temple (0/1) D:7            Lair (6/6) D:9
 Shoals (0/4) Lair:3       Spider (0/4) Lair:4        Slime (0/5) Lair:6
    Orc (2/2) D:9             Elf (0/3) Orc:2        Vaults (0/5) D:13
 Depths (2/5) D:15

Altars:
Elyvilon
Hepliaklqana
Sif Muna
The Shining One
Beogh
Jiyva

Shops:
D:6 (   Orc:2 (?!}

Portals:
Hell: Depths:1
Abyss: Depths:1
Ziggurat: Depths:1
Trove: D:11 (give 7 potions of agility)

Annotations:
Lair:6 1 runed door


Innate Abilities, Weirdness & Mutations

You are very small and have problems with some larger weapons.
You are too small for most types of armour.
You have supernaturally acute eyesight. (SInv)
You are a herbivore.
You cover ground extremely quickly.
You need to consume almost no food.
You are partially covered in thin metallic scales. (AC +2)
You are agile. (Dex +2)
Your mind is acute. (Int +2)
You are weak. (Str -2)


Message History

You start resting.
You feel sick. x4
Your iron troll is no longer berserk.
You feel sick.
You are no longer poisoned.
You start resting.
Your iron troll disappears in a puff of smoke!
HP restored.
You climb downwards.
There is a stone staircase leading up, spattered with blood here.
A hell hound and an ogre come into view.
The frost giant shouts!
The two-headed ogre shouts in stereo!
The hell hound barks!
You barely miss the two-headed ogre.
The two-headed ogre hits you but does no damage.
The two-headed ogre completely misses you.
The ogre shouts!
You hit the two-headed ogre.
The two-headed ogre is lightly wounded.
You hit the two-headed ogre.
The two-headed ogre is lightly wounded.
You hit the two-headed ogre.
The two-headed ogre is moderately wounded.
You hit the two-headed ogre but do no damage.
Lightning courses through the two-headed ogre!
The two-headed ogre is moderately wounded.
The two-headed ogre completely misses you. x2
You hit the two-headed ogre.
Lightning courses through the two-headed ogre!
The two-headed ogre is severely wounded.
There is a stone staircase leading up, spattered with blood here.
The frost giant hits you but does no damage.
You climb upwards.
There is a stone staircase leading down, spattered with blood here.
Your ogre goes berserk!
You feel somewhat less full.
You hit the frost giant but do no damage.
The frost giant points at you and mumbles some strange words.
The bolt of cold hits you!
You hit the frost giant but do no damage.
You hit the frost giant but do no damage.
The frost giant hits you with a +1 battleaxe of freezing!!
* * * LOW HITPOINT WARNING * * *
The frost giant freezes you!
* * * LOW HITPOINT WARNING * * *
The frost giant completely misses your ogre.
You hit the frost giant.
The frost giant is heavily wounded.
You hit the frost giant but do no damage.
Lightning courses through the frost giant!
The frost giant is heavily wounded.
You catch the helpless frost giant completely off-guard!
You impale the frost giant!!
The frost giant is almost dead.
The frost giant casts a spell at you. The bolt of cold hits you!
* * * LOW HITPOINT WARNING * * *
You puncture the frost giant!
The frost giant is almost dead.
You hit the frost giant but do no damage.
Lightning courses through the frost giant!
The frost giant is almost dead.
The frost giant hits you with a +1 battleaxe of freezing!!
You die...

.##...####...).<#...#......##+.#>
+#....#..#.#...####+#.......#..÷.
.....##..#.#.#.#.#.#.#.#.#..#....
#'####.....................##....
#.#......#.#.#.#.#.#.#.#.#.......
#.##........................∩....
...#######.#.#.#.#.#.#.#.#.....#.
....#..+[....^.C..........+#...#.
#...#..#.#.#.#.O@#.#.#.#.#.#...#.
#...#..##...............^........
#...'...'.......+.......#.+#.....
#..########...###.....###..#.≈≈P.
#..# ##.### ####### #....≈≈≈≈
#.## ##.## #....≈≈≈P ### #.##
#....≈≈P≈ ### #....≈≈≈≈ #....≈≈≈P


You could see a frost giant and a friendly ogre (berserk).

Vanquished Creatures
  A golden dragon (Depths:1)
  Gastronok (Lair:2)
  A tengu reaver (Depths:1)
  A fire giant (Depths:1)
  3 very ugly things (Depths:2)
  A spriggan defender (Depths:2)
  Nessos (Orc:2)
  5 stone giants
  A vampire knight (Depths:1)
  A red draconian (Volcano)
  5 spark wasps
  2 ettins (Depths:2)
  A deep elf death mage (Depths:2)
  Snorg (D:12)
  5 slime creatures
  2 fire dragons
  2 ogre magi
  Harold (D:11)
  2 spriggan air magi
  15 hydras
  An ice dragon (Depths:1)
  Erica (Orc:1)
  11 two-headed ogres
  2 dancing weapons (D:13)
  6 centaur warriors
  3 death yaks (Lair:6)
  5 tengu warriors
  6 orc high priests (Orc:2)
  A glowing orange brain (Depths:2)
  2 unseen horrors
  2 wizards
  2 lindwurms (Lair:6)
  A deep elf archer (D:9)
  2 phantasmal warriors (Depths:1)
  2 deep elf magi
  An orc sorcerer (Orc:1)
  A wolf spider zombie (D:14)
  3 cyclopes
  11 ugly things
  2 manticores
  A black mamba (shapeshifter) (D:14)
  2 centaur zombies
  The ghost of mhoghedin the Quickloader, a novice KoHu of Okawaru (D:6)
  4 black mambas
  8 elephants
  An ice statue (IceCv)
  A torpor snail (Lair:4)
  A gargoyle (D:9)
  13 spiny frogs
  A centaur skeleton (D:14)
  2 rime drakes (Lair:6)
  5 komodo dragons
  A yaktaur (Depths:1)
  6 tengu conjurers
  A troll (shapeshifter) (Depths:2)
  A queen bee (D:10)
  8 trolls
  A harpy zombie (D:15)
  4 meliai
  14 polar bears
  2 hornets
  A tyrant leech (shapeshifter) (Depths:2)
  9 blink frogs
  14 hippogriffs
  3 dream sheep (Lair:6)
  A tarantella (shapeshifter) (Depths:1)
  A water elemental (Depths:1)
  A vampire (D:11)
  A yak (shapeshifter) (Depths:1)
  39 yaks
  2 shadows (D:14)
  A fire bat (shapeshifter) (Depths:2)
  5 fire bats (Volcano)
  A wraith (D:11)
  A wyvern (D:13)
  2 fire elementals (D:15)
  A hungry ghost (D:10)
  6 basilisks
  2 vampire mosquitoes (D:14)
  A redback simulacrum (D:15)
  6 wargs (Orc:2)
  7 hell hounds
  3 soldier ants
  An acid dragon (D:14)
  12 water moccasins
  7 porcupines
  8 orc warriors
  5 sky beasts
  Purgy (D:4)
  6 ice beasts
  A phantom (D:5)
  A black bear (D:11)
  A necrophage (D:8)
  15 wolves
  4 boggarts (D:15)
  16 ogres
  8 crocodiles
  A crocodile (shapeshifter) (D:15)
  5 centaurs
  2 big kobolds
  12 bullfrogs
  A gnoll sergeant (D:11)
  A wyvern skeleton (D:15)
  6 scorpions
  20 killer bees
  28 wights
  4 howler monkeys
  3 electric eels
  2 vampire bats (Lair:1)
  7 crimson imps
  A bullfrog zombie (D:10)
  6 hounds
  9 jellies
  5 lava snakes (Volcano)
  A quasit (D:14)
  2 bullfrog skeletons
  33 orc priests
  16 orc wizards
  Crazy Yiuf (D:2)
  Ijyb (D:5)
  4 iguanas
  7 hell rats (Lair:4)
  12 worker ants
  A bullfrog simulacrum (D:6)
  2 centaur simulacra
  A hound skeleton (D:11)
  A killer bee simulacrum (D:6)
  2 worker ant zombies
  12 gnolls
  16 adders
  7 shadow imps
  13 white imps
  3 worms
  2 dart slugs
  4 leopard geckos
  78 orcs
  A ball python (D:1)
  12 bats
  3 giant cockroaches
  8 goblins
  6 hobgoblins
  5 jackals
  16 kobolds
  4 quokkas
  5 frilled lizards
  A jackal skeleton (D:9)
  2 quokka skeletons
  A quokka zombie (D:7)
  8 rats
  A fungus (Lair:4)
794 creatures vanquished.

Vanquished Creatures (collateral kills)
  A caustic shrike (Depths:1)
  Rupert (Lair:4)
  A sphinx (Depths:2)
  A fire giant (D:15)
  2 frost giants
  A stone giant (Depths:2)
  2 rakshasas (Depths:1)
  An ice dragon (Depths:2)
  A deep troll shaman (Depths:1)
  A two-headed ogre (Depths:1)
  A deep troll earth mage (Depths:1)
  A hell hog (Depths:2)
  3 spriggan berserkers
  A flayed ghost (Depths:2)
  2 elephants (Lair:4)
  A komodo dragon (Lair:4)
  2 hornets (Depths:2)
  A blink frog (Lair:4)
  3 spriggans (Depths:2)
  3 yaks (Lair:4)
  2 water moccasins (Lair:4)
32 creatures vanquished.

Vanquished Creatures (others)
  A stone giant (Depths:1)
  A bush (D:9)
  4 fungi
  6 plants
12 creatures vanquished.

Grand Total: 838 creatures vanquished

Notes
Turn   | Place    | Note
-------+----------+-------------------------------------------
     0 | D:1      | Amnesiac the Spriggan Berserker began the quest for the
                  | Orb.
     0 | D:1      | Reached XP level 1. HP: 11/11 MP: 2/2
    99 | D:1      | Reached skill level 1 in Stealth
   188 | D:1      | Reached XP level 2. HP: 14/16 MP: 3/3
   874 | D:2      | Reached skill level 5 in Dodging
   874 | D:2      | Reached XP level 3. HP: 19/19 MP: 4/4
  1054 | D:2      | Reached ** piety under Trog
  1167 | D:2      | Reached XP level 4. HP: 13/23 MP: 5/5
  1278 | D:2      | Reached skill level 3 in Fighting
  1687 | D:2      | Found a runed door.
  1691 | D:2      | Noticed Crazy Yiuf
  1695 | D:2      | Killed Crazy Yiuf
  1795 | D:3      | Reached XP level 5. HP: 28/28 MP: 6/6
  2179 | D:3      | HP: 2/42 [gnoll/+0 club (3)]
  2658 | D:3      | Reached skill level 5 in Stealth
  2658 | D:3      | Reached XP level 6. HP: 32/32 MP: 2/7
  2735 | D:3      | Reached skill level 5 in Short Blades
  3026 | D:5      | Entered Level 5 of the Dungeon
  3362 | D:4      | Noticed Purgy
  3364 | D:4      | Killed Purgy
  3449 | D:4      | Reached *** piety under Trog
  3449 | D:4      | Reached XP level 7. HP: 36/36 MP: 2/8
  4255 | D:5      | Noticed Ijyb
  4308 | D:5      | Killed Ijyb
  4308 | D:5      | Reached XP level 8. HP: 38/40 MP: 3/9
  4464 | D:5      | Reached skill level 1 in Evocations
  4471 | D:5      | Reached skill level 1 in Shields
  5293 | D:6      | Found a runed gate.
  5293 | D:6      | Found a runed gate.
  5293 | D:6      | Found a runed gate.
  5325 | D:6      | Found Fumosh's Antique Weapon Shoppe.
  5328 | D:6      | Bought a steaming dagger for 217 gold pieces
  5328 | D:6      | Identified the +4 dagger of the Saviour {pierce, rC+ Int+3}
                  | (You bought it in a shop on level 6 of the Dungeon)
  5335 | D:6      | Reached **** piety under Trog
  5428 | D:6      | Noticed mhoghedin's ghost (novice KoHu)
  5447 | D:6      | Found a white marble altar of Elyvilon.
  5623 | D:6      | Reached skill level 5 in Evocations
  5805 | D:6      | Reached XP level 9. HP: 38/44 MP: 14/14
  6048 | D:6      | Got the ring "Xothe" {Fire}
  6053 | D:6      | Identified the ring "Xothe" {Fire MR++ Int+3 Dex-2} (You
                  | found it on level 6 of the Dungeon)
  6194 | D:6      | Killed mhoghedin's ghost
  6329 | D:7      | Reached skill level 5 in Shields
  6391 | D:7      | Found a glowing golden altar of the Shining One.
  6790 | D:7      | Found a hazy altar of Hepliaklqana.
  6796 | D:7      | Found a staircase to the Ecumenical Temple.
  7200 | D:8      | Noticed a two-headed ogre
  7490 | D:8      | Reached ***** piety under Trog
  7515 | D:8      | Reached XP level 10. HP: 47/49 MP: 17/17
  7560 | D:8      | Received a gift from Trog
  7561 | D:8      | Got a translucent war axe {god gift}
  7951 | D:8      | Killed a two-headed ogre
  7959 | D:9      | Identified a paperback manual
  8157 | D:9      | Found a staircase to the Lair.
  8292 | D:9      | Found a staircase to the Orcish Mines.
  8454 | D:9      | Reached skill level 10 in Dodging
  8508 | D:9      | Reached skill level 4 in Fighting
  8553 | D:9      | Found a deep blue altar of Sif Muna.
  8736 | D:9      | Gained mutation: Your body sometimes deteriorates upon
                  | taking damage. [potion of mutation]
  8736 | D:9      | Gained mutation: You possess an exceptional clarity of
                  | mind. [potion of mutation]
  8736 | D:9      | Gained mutation: Your muscles are strong. (Str +2) [potion
                  | of mutation]
  9098 | D:9      | Reached XP level 11. HP: 54/54 MP: 18/18
  9150 | D:9      | Noticed a two-headed ogre
  9154 | D:9      | Killed a two-headed ogre
  9249 | D:9      | Reached skill level 5 in Fighting
  9253 | D:9      | Noticed a centaur warrior
  9258 | D:9      | Noticed a centaur warrior
  9259 | D:9      | Noticed a stone giant
  9275 | D:9      | Killed a centaur warrior
  9329 | D:9      | Killed a centaur warrior
  9329 | D:9      | Reached skill level 6 in Fighting
  9434 | D:9      | Killed a stone giant
  9492 | D:9      | Noticed a seven-headed hydra
  9518 | D:9      | Killed a seven-headed hydra
  9518 | D:9      | Reached skill level 7 in Fighting
  9532 | D:9      | Noticed a deep elf archer
  9572 | D:9      | Killed a deep elf archer
  9682 | Orc:1    | Entered Level 1 of the Orcish Mines
  9862 | Orc:1    | Noticed Erica
  9866 | Orc:1    | Killed Erica
  9866 | Orc:1    | Reached skill level 8 in Fighting
  9931 | Orc:2    | Entered Level 2 of the Orcish Mines
  9949 | Orc:2    | Noticed Nessos
 10093 | Lair:1   | Entered Level 1 of the Lair of Beasts
 10095 | Lair:1   | Noticed an eight-headed hydra
 10192 | D:9      | Killed an eight-headed hydra
 10650 | Lair:1   | Reached skill level 9 in Fighting
 10653 | Lair:1   | Reached XP level 12. HP: 40/66 MP: 19/19
 11461 | Lair:2   | Noticed Gastronok
 11475 | Lair:2   | Killed Gastronok
 11475 | Lair:2   | Reached skill level 10 in Fighting
 11785 | Lair:2   | You fall through a shaft!
 11899 | Lair:3   | Found a frozen archway.
 12020 | IceCv    | Entered an ice cave
 12505 | IceCv    | Reached skill level 10 in Stealth
 12517 | IceCv    | Reached skill level 10 in Short Blades
 12769 | IceCv    | Noticed a frost giant
 12820 | IceCv    | Reached skill level 11 in Fighting
 12877 | IceCv    | Identified the +5 great sword "Pacvoscha" {venom, Int+4
                  | Dex+3}
 12907 | IceCv    | Got a warped hat
 12998 | IceCv    | Killed a frost giant
 13116 | Lair:3   | Noticed a six-headed hydra
 13136 | Lair:3   | Killed a six-headed hydra
 13136 | Lair:3   | Reached XP level 13. HP: 40/74 MP: 20/20
 13178 | Lair:3   | Found a staircase to the Shoals.
 13768 | Lair:4   | Noticed Rupert
 13781 | Lair:4   | Found a hole to the Spider Nest.
 13794 | Lair:4   | Killed Rupert
 13831 | Lair:4   | Reached skill level 12 in Fighting
 14063 | Lair:4   | Lost mutation: Your muscles are strong. (Str +2) [potion of
                  | mutation]
 14063 | Lair:4   | Lost mutation: You possess an exceptional clarity of mind.
                  | [potion of mutation]
 14063 | Lair:4   | Gained mutation: You are weak. (Str -2) [potion of
                  | mutation]
 14063 | Lair:4   | Gained mutation: You possess an exceptional clarity of
                  | mind. [potion of mutation]
 14063 | Lair:4   | Gained mutation: You have large cloven feet. [potion of
                  | mutation]
 14064 | Lair:4   | Lost mutation: You have large cloven feet. [potion of
                  | mutation]
 14064 | Lair:4   | Lost mutation: Your body sometimes deteriorates upon taking
                  | damage. [potion of mutation]
 14064 | Lair:4   | Lost mutation: You possess an exceptional clarity of mind.
                  | [potion of mutation]
 14064 | Lair:4   | Gained mutation: You are agile. (Dex +2) [potion of
                  | mutation]
 14064 | Lair:4   | Gained mutation: Your mind is acute. (Int +2) [potion of
                  | mutation]
 14064 | Lair:4   | Gained mutation: You are partially covered in thin metallic
                  | scales. (AC +2) [potion of mutation]
 14489 | Lair:4   | Identified the +2 hat of Midsummer {-Cast +Inv rN+++ SInv}
                  | (You found it in an ice cave)
 14941 | Lair:5   | Received a gift from Trog
 15003 | Lair:5   | Reached skill level 13 in Fighting
 15646 | Lair:6   | Entered Level 6 of the Lair of Beasts
 15709 | Lair:6   | Found a dark tunnel.
 15806 | Volcano  | Entered a volcano
 15954 | Volcano  | Noticed a red draconian
 15990 | Volcano  | Killed a red draconian
 16092 | Volcano  | Reached skill level 14 in Fighting
 16092 | Volcano  | Reached XP level 14. HP: 49/84 MP: 21/21
 16136 | Volcano  | Found a radiant altar of Vehumet.
 16172 | Volcano  | Found a bloodstained altar of Trog.
 16604 | Lair:6   | Found a runed door.
 16607 | Lair:6   | Found a viscous altar of Jiyva.
 16607 | Lair:6   | Noticed an acid blob
 16800 | Lair:6   | Found a staircase to the Slime Pits.
 16800 | Lair:6   | Noticed an acid blob
 16800 | Lair:6   | Noticed an acid blob
 17223 | Lair:6   | Reached skill level 15 in Fighting
 17590 | D:10     | Entered Level 10 of the Dungeon
 17659 | D:10     | Reached ****** piety under Trog
 17759 | D:10     | Received a gift from Trog
 18249 | Orc:2    | Found a staircase to the Elven Halls.
 18512 | Orc:2    | Killed Nessos
 18847 | Orc:2    | Received a gift from Trog
 19065 | Orc:2    | Found a roughly hewn altar of Beogh.
 19102 | Orc:2    | Found Paeg's Magic Scroll Emporium.
 19102 | Orc:2    | Found Ihacwefo's Antique Weapon Boutique.
 19568 | Orc:2    | Found Ilumuraoff's Gadget Emporium.
 19568 | Orc:2    | Found Elizin's Distillery.
 19582 | Orc:2    | Bought a potion of magic for 104 gold pieces
 19758 | D:11     | Reached skill level 16 in Fighting
 19907 | D:11     | Received a gift from Trog
 19961 | D:11     | Found a portal to a secret trove of treasure.
 20119 | D:11     | Noticed Harold
 20136 | D:11     | Killed Harold
 20410 | Orc:2    | Bought a potion of agility for 52 gold pieces
 20410 | Orc:2    | Bought a potion of heal wounds for 65 gold pieces
 20410 | Orc:2    | Bought 2 potions of heal wounds for 130 gold pieces
 20504 | D:12     | Got a brightly glowing short sword
 20505 | D:12     | Identified the +11 short sword of Pandemonium {holy, *Slow
                  | rN+ Str+5} (You found it on level 12 of the Dungeon)
 20627 | D:12     | Found a deep blue altar of Sif Muna.
 20630 | D:12     | Reached XP level 15. HP: 92/92 MP: 22/22
 20855 | D:12     | Found the +5 robe of Misfortune {*Contam Harm *Corrode
                  | *Drain *Slow EV+5}
 20866 | D:12     | Noticed Snorg
 20874 | D:12     | Killed Snorg
 21054 | D:13     | You fall through a shaft for 2 floors!
 21054 | D:15     | Entered Level 15 of the Dungeon
 21457 | D:14     | Received a gift from Trog
 21568 | D:14     | Reached skill level 17 in Fighting
 21880 | D:13     | Found a gate to the Vaults.
 22528 | D:14     | Received a gift from Trog
 22710 | D:14     | Got a brightly glowing lajatang {god gift}
 23384 | D:15     | Found a staircase to the Depths.
 23384 | D:15     | Noticed a fire giant
 23464 | D:15     | Killed a fire giant
 23866 | Depths:1 | Entered Level 1 of the Depths
 23953 | Depths:1 | Found a one-way gate to the infinite horrors of the Abyss.
 23977 | Depths:1 | Reached skill level 18 in Fighting
 24097 | Depths:1 | Found a gateway to a ziggurat.
 24271 | Depths:1 | Received a gift from Trog
 24470 | Depths:1 | Reached XP level 16. HP: 101/101 MP: 23/23
 24775 | Depths:1 | Found a gateway to Hell.
 25188 | Depths:1 | Got a slimy rapier
 25190 | Depths:1 | Got a warped hand crossbow
 25197 | Depths:1 | Identified the cursed +1 hand crossbow of Action {elec, MR+
                  | MP+9 Str+3 Int+5} (You found it on level 1 of the Depths)
 25200 | Depths:1 | Identified the cursed +2 rapier "Festrebb" {pierce, rF+
                  | rN++} (You found it on level 1 of the Depths)
 25245 | Depths:1 | Noticed a tengu reaver
 25279 | Depths:1 | Killed a tengu reaver
 25376 | Depths:1 | Noticed a golden dragon
 25388 | Depths:1 | Killed a golden dragon
 25764 | Depths:2 | Reached skill level 19 in Fighting
 26113 | Depths:2 | Noticed a sphinx
 26136 | Depths:2 | Killed a sphinx
 26424 | Depths:2 | Noticed a caustic shrike
 26526 | Depths:1 | Killed a caustic shrike
 26845 | Depths:1 | Reached skill level 10 in Evocations
 27062 | Depths:1 | Reached skill level 1 in Armour
 27913 | Depths:1 | Mangled by a frost giant

Vault maps used:
D:1:      zaba_arrival_water, chequers_serial_rivers_large_b
D:2:      minmay_pentomino_p2, uniq_crazy_yiuf_cottage
D:4:      first_ration, uniq_purgy
D:5:      minmay_chambers_of_fours, uniq_ijyb
D:6:      serial_shops, nicolae_shop_behind_doors, gammafunk_ghost_icy,
          elyvilon_altar_1
D:7:      lemuel_crystal_altar, minmay_temple_entry_junction,
          nicolae_tso_carved_into_rock
D:9:      minmay_sliced_demisemicircle, minmay_lair_entry_grove, basic_altar
D:10:     special_room
D:11:     nicolae_trove_entry_free_sample, uniq_harold
D:12:     basic_altar, uniq_snorg
D:13:     erik_vaults_1
D:14:     dk_noncrumbling_3
D:15:     grunt_enter_depths_giant_problem, nicolae_lava_and_water
Lair:1:   roderic_batcave, grunt_megastairs_2
Lair:2:   uniq_gastronok
Lair:3:   elwin_shoals_entry_rocks, portal_ice_cave_entry_imps
Lair:4:   cheibrodos_lair_river_kwai, spider_nest_entry_web_field, uniq_rupert
Lair:5:   serial_bayou, serial_bayou_ford_a, serial_bayou_shore_b,
          serial_bayou_shore_b, serial_bayou_lake_a, serial_bayou_lagoon_b
Lair:6:   hangedman_lair_in_review, slime_altar_2,
          nicolae_volcano_entry_hallway, fungi_pond_lemuel
Orc:1:    uniq_erica
Orc:2:    st_orc_town, uniq_nessos
Depths:1: minmay_fractal_lines_corner, enter_ziggurat_f, abyss_entry,
          hell_entry, hangedman_decor_riveting, st_stairs_12, minivault_12,
          serial_bayou_shore_a
Depths:2: angbandy_vault, grunt_hell_horde, minmay_statues_item,
          minmay_staircase_windowed_small, roderic_lattice_octagonal_star
IceCv:    ice_cave_small_giant
Volcano:  volcano_grotto

Skill      XL: |  1  2  3  4  5  6  7  8  9 10 11 12 13 14 15 16 |
---------------+-------------------------------------------------+-----
Stealth        | 1 2 3 5 6 8 10 | 10.0
Dodging        | 5 6 7 8 11 12 | 12.0
Short Blades   | 4 5 6 8 10 | 10.0
Fighting       | 3 4 9 11 14 16 18 19 | 19.5
Evocations     | 5 8 10 | 10.0
Shields        | 3 6 7 8 |  8.1
Armour         | 1 |  1.6

Action                   |  1- 3 |  4- 6 |  7- 9 | 10-12 | 13-15 | 16-18 || total
-------------------------+-------+-------+-------+-------+-------+-------++-------
Melee: Short sword       |   105 |    56 |       |       |    40 |       ||   201
       Dagger            |       |   117 |   752 |   938 |  2393 |   549 ||  4749
Throw: Tomahawk          |       |       |    21 |       |       |       ||    21
       Throwing net      |       |       |       |       |     2 |     2 ||     4
Invok: Berserk           |     1 |     2 |     3 |     2 |     4 |     1 ||    13
       Brothers in Arms  |       |       |       |     1 |     2 |    10 ||    13
       Trog's Hand       |       |       |       |       |       |     3 ||     3
 Abil: Evoke Invisibilit |       |       |       |       |     4 |     3 ||     7
Evoke: Wand              |       |       |    13 |     7 |    12 |     2 ||    34
       Fan of gales      |       |       |       |       |       |     1 ||     1
       Phial of floods   |       |       |       |       |       |     1 ||     1
  Use: Scroll            |       |       |       |    23 |     5 |     4 ||    32
       Potion            |       |       |       |    12 |     6 |       ||    18
 Stab: Sleeping          |     4 |    11 |    10 |    17 |    46 |     2 ||    90
       Distracted        |       |       |     1 |     3 |     7 |     4 ||    15
       Paralysed         |       |       |       |       |     2 |     1 ||     3
       Invisible         |       |       |       |       |    24 |    16 ||    40
       Held in net/web   |       |       |       |       |     2 |       ||     2
  Eat: Ration            |       |     4 |     5 |     4 |    11 |     8 ||    32
Armor: Animal skin       |     6 |     7 |       |       |       |       ||    13
       Troll leather arm |       |       |    50 |    69 |   139 |    40 ||   298
       Fire dragon scale |       |       |       |       |       |    11 ||    11
Dodge: Dodged            |   113 |   123 |   353 |   709 |  1520 |   296 ||  3114
Block: Buckler           |       |       |    82 |   294 |   653 |   127 ||  1156

Table legend:
 A = Non-vault XP
 B = Vault XP
 C = Vault XP percentage of total XP
 D = Non-vault monster count
 E = Vault monster count
 F = Vault count percentage of total count
                 A         B        C        D         E       F
            +---------+---------+-------+---------+---------+-------
      Total |  119603 |   80232 |  40.1 |     573 |     253 |  30.6
            +---------+---------+-------+---------+---------+-------
        D:1 |      27 |       0 |   0.0 |      15 |       0 |   0.0
        D:2 |     105 |      55 |  34.4 |      19 |       3 |  13.6
        D:3 |     262 |       0 |   0.0 |      30 |       0 |   0.0
        D:4 |     583 |     132 |  18.5 |      15 |       1 |   6.2
        D:5 |     783 |     105 |  11.8 |      19 |       5 |  20.8
        D:6 |     917 |     943 |  50.7 |      22 |       8 |  26.7
        D:7 |    1006 |       0 |   0.0 |      15 |       0 |   0.0
        D:8 |    2350 |       0 |   0.0 |      20 |       0 |   0.0
        D:9 |    3736 |    8197 |  68.7 |      31 |      23 |  42.6
       D:10 |    3123 |    1246 |  28.5 |      35 |      16 |  31.4
       D:11 |    4798 |     987 |  17.1 |      39 |       1 |   2.5
       D:12 |    5232 |    1095 |  17.3 |      26 |       1 |   3.7
       D:13 |    5105 |    1808 |  26.2 |      18 |       2 |  10.0
       D:14 |   14810 |       0 |   0.0 |      54 |       0 |   0.0
       D:15 |    6779 |    1026 |  13.1 |      32 |       1 |   3.0
     Lair:1 |    2141 |     218 |   9.2 |      11 |       8 |  42.1
     Lair:2 |     998 |    2193 |  68.7 |       6 |       1 |  14.3
     Lair:3 |    5328 |     125 |   2.3 |      18 |      12 |  40.0
     Lair:4 |    4831 |    3757 |  43.7 |      27 |       9 |  25.0
     Lair:5 |    6029 |       0 |   0.0 |      17 |       0 |   0.0
     Lair:6 |    7197 |   10438 |  59.2 |      21 |      21 |  50.0
      Orc:1 |    1054 |     929 |  46.8 |      13 |       1 |   7.1
      Orc:2 |     845 |    8310 |  90.8 |      10 |      62 |  86.1
   Depths:1 |   27265 |   12480 |  31.4 |      37 |      12 |  24.5
   Depths:2 |   14299 |    9810 |  40.7 |      23 |      13 |  36.1
      IceCv |       0 |    8320 | 100.0 |       0 |      36 | 100.0
    Volcano |       0 |    8058 | 100.0 |       0 |      17 | 100.0
            +---------+---------+-------+---------+---------+-------
